 Dungeon Crawl Stone Soup version 0.31.0-11-ge490571c62 (webtiles) character file.

Game seed: 12787315737286381751

42 mopl the Trooper (level 3, -2/30 HPs)
             Began as a Merfolk Fighter on Jan 31, 2024.
             Succumbed to Sigmund's poison
             ... on level 2 of the Dungeon.
             The game lasted 00:00:52 (742 turns).

mopl the Trooper (Merfolk Fighter)                   Turns: 742, Time: 00:00:53

Health: -2/30      AC:  6    Str: 18    XL:     3   Next: 54%
Magic:  3/3        EV:  9    Int:  7    God:
Gold:   28         SH:  0    Dex: 13    Spells: 2/2 levels left

rFire   . . .        a - +0 long sword
rCold   . . .        c - +0 buckler
rNeg    . . .        b - +0 scale mail
rPois   .            (no helmet)
rElec   .            (no cloak)
rCorr   .            (no gloves)
SInv    .            (no boots)
Will    .....        (no amulet) Stlth
                     (no ring)
HPRegen 0.25/turn    (no ring)
MPRegen 0.08/turn

%: no passive effects
@: confused, mighty, lethally poisoned (-2 -> -13), hasted, very quick
A: (nimble swimmer 2), mertail
a: no special abilities


You were on level 2 of the Dungeon.
You visited 1 branch of the dungeon, and saw 2 of its levels.

You collected 28 gold pieces.

Inventory:

Hand Weapons
 a - a +0 long sword (weapon)
Armour
 b - a +0 scale mail (worn)
 c - a +0 buckler (worn)
Scrolls
 e - a scroll of immolation {unknown}
 h - a scroll of enchant weapon {unknown}
Potions
 f - a potion of curing {unknown}
 g - a potion of haste
 i - a potion of degeneration {unknown}
 j - a potion of ambrosia {unknown}


   Skills:
 + Level 3.6 Fighting
 * Level 3.4 Long Blades
 + Level 2.4 Armour
 + Level 1.5 Dodging
 - Level 3.0 Shields


You had 2 spell levels left.
You didn't know any spells.
Your spell library contained the following spells:

 Spells                   Type           Power      Damage    Failure   Level
 Sting                    Conj/Alch      0%         1d3       88%         1
 Mercury Vapours          Alch/Air       0%         N/A       96%         2
 Olgreb's Toxic Radiance  Alch           0%         N/A       100%        4


Dungeon Overview and Level Annotations

Branches:
Dungeon (2/15)

Altars:

Annotations:
D:2 Sigmund


Innate Abilities, Weirdness & Mutations

((You are very nimble when in or above water. (Stealth+, EV+, Speed+++)))
Your lower body shifts to a powerful aquatic tail in water.


Message History

You slash Terence!
Terence is severely wounded.
Terence hits you with a +1 flail of draining!
You feel drained.
You slash Terence!
You kill Terence!
Your life force feels restored.
You have reached level 3!
Your experience leads to an increase in your attributes!
Increase (S)trength, (I)ntelligence, or (D)exterity?
You feel stronger. x2
Things that are here:
a +1 flail of draining; a +0 scale mail; the human corpse of Terence The goblin shouts!
Sigmund the Dreaded comes into view.
He is wielding a +2 scythe of venom.
The goblin completely misses you.
Sigmund shouts!
You slash the goblin!
You kill the goblin!
Sigmund points at you and mumbles some strange words.
The puff of flame hits you!
You are too injured to fight recklessly!
You are too injured to fight recklessly!
Sigmund barely misses you.
You slash Sigmund!
Sigmund is heavily wounded.
You slash Sigmund!
Sigmund is severely wounded.
Sigmund hits you with a +2 scythe of venom!
* * * LOW HITPOINT WARNING * * *
You are lethally poisoned!
You barely miss Sigmund.
Sigmund is severely wounded.
* * * LOW HITPOINT WARNING * * *
You feel very sick. Sigmund gestures at you while chanting.
You are confused.
Unknown command.
It was a potion of haste.
You feel yourself speed up.
You die...

.......##.#.# #......#
... #......# ##.##
###.##.####.##...#
#.##......##...#
###.##########...#
.......# #...#####.#
....##.# #)..@.....#
##..##.#######..@###.
#...#.#................
#..#.).................
#.#.###...<..$.........
#.#. #######[..###....
..#. #.......... #.
.....## ##. #. ##...##
#. ...#


You could see Sigmund.

Vanquished Creatures
  Terence (D:2)
  A ball python (D:1)
  A bat (D:1)
  An endoplasm (D:1)
  3 goblins
  A hobgoblin (D:1)
  A quokka (D:1)
  4 frilled lizards (D:1)
  2 kobolds (D:1)
  2 rats (D:1)
17 creatures vanquished.

Notes
Turn   | Place    | Note
-------+----------+-------------------------------------------
     0 | D:1      | mopl the Merfolk Fighter began the quest for the Orb.
     0 | D:1      | Reached XP level 1. HP: 18/18 MP: 1/1
   240 | D:1      | Reached XP level 2. HP: 24/24 MP: 2/2
   280 | D:1      | Reached skill level 1 in Dodging
   567 | D:1      | Found a faded altar of an unknown god.
   714 | D:2      | Noticed Terence
   725 | D:2      | Killed Terence
   726 | D:2      | Reached XP level 3. HP: 20/30 MP: 3/3
   734 | D:2      | Noticed Sigmund
   741 | D:2      | HP: 1/30 [poisoned by Sigmund]
   742 | D:2      | Succumbed to Sigmund's poison

Illustrated notes

Levels and vault maps discovered:
D:1:      roderic_octagonal_star, layout_basic,
          dilly_ecumenical_altar_fadedgnrine
D:2:      layout_loops_cross, kennysheep_minor_cross, minmay_cupped,
          uniq_sigmund, uniq_terence

Skill      XL: |  1  2 |
---------------+-------+-----
Dodging        | 1 |  1.5
Long Blades    | 3 |  3.4
Fighting       | |  3.6
Armour         | |  2.4
Shields        | |  3.0

Action                     || total
---------------------------++-------
  Melee: Long sword        ||    51
    Use: Potion            ||     2
 Armour: Scale mail        ||    35
  Dodge: Dodged            ||    19
  Block: Buckler           ||     5
